 Dungeon Crawl Stone Soup version 0.23.2-1-ga50397a (webtiles) character file.

Game seed: 1965881809674989698

217 diana the Slasher (level 5, -3/69 HPs)
             Began as a Hill Orc Gladiator on June 1, 2019.
             Killed from afar by Dowan (6 damage)
             ... with a stone arrow
             ... on level 5 of the Dungeon.
             The game lasted 00:03:09 (1347 turns).

diana the Slasher (Hill Orc Gladiator)              Turns: 1347, Time: 00:03:10

Health: -3/69      AC: 22    Str: 23    XL:     5   Next: 94%
Magic:  5/5        EV:  2    Int: 13    God:
Gold:   54         SH:  0    Dex: 17    Spells: 4/4 levels left

rFire    + . .     SeeInvis .   a - +0 long sword
rCold    + . .     Gourm    .   (no shield)
rNeg     + + +     Faith    .   (armour currently unavailable)
rPois    +         Spirit   .   (helmet currently unavailable)
rElec    +         Reflect  .   (cloak currently unavailable)
rCorr    +         Harm     .   (gloves currently unavailable)
MR       .....     NoTele   +   (boots currently unavailable)
Stlth    +++.......             (no amulet)
HPRegen  0.21/turn              (no ring)
MPRegen  0.09/turn              (no ring)

@: mighty, brilliant, agile, tree-form, resistant
A: no striking features
a: no special abilities


You were on level 5 of the Dungeon.
You were hungry.
You were a tree.
You visited 1 branch of the dungeon, and saw 4 of its levels.

You collected 54 gold pieces.

Inventory:

Hand Weapons
 a - a +0 long sword (weapon)
Missiles
 d - 3 throwing nets (quivered)
Armour
 b - a +0 leather armour (melded)
 c - a +0 helmet (melded)
 i - a +0 cloak (melded)
Scrolls
 k - 3 scrolls of enchant weapon {unknown}
 n - a scroll of identify {unknown}
Potions
 h - a potion of brilliance
 o - a potion of mutation {unknown}
Comestibles
 f - 2 rations


   Skills:
 + Level 3.8 Fighting
 * Level 5.1 Long Blades
 - Level 1.7 Throwing
 + Level 2.3 Armour
 + Level 3.2 Dodging


You had 4 spell levels left.
You didn't know any spells.
Your spell library contained the following spells:

 Spells                   Type           Power        Failure   Level  Hunger
 Confusing Touch          Hex            #.....       3%          1    ##.....
 Confuse                  Hex            #.......     11%         3    ####...
 Gell's Gravitas          Tloc           #.........   11%         3    ####...
 Petrify                  Tmut/Erth      #.......     30%         4    #####..
 Metabolic Englaciation   Hex/Ice        #.........   58%         5    ######.
 Yara's Violent Unravell  Hex/Tmut       #.........   58%         5    ######.


Dungeon Overview and Level Annotations

Branches:
Dungeon (3/15)

Altars:

Annotations:
D:5 Dowan


Message History

The iguana is severely wounded.
The iguana bites you but does no damage.
The iguana barely misses you.
You barely miss the iguana.
The iguana is severely wounded.
Dowan casts a spell at you.
The shard of ice hits you but does no damage.
The iguana bites you but does no damage.
You barely miss the iguana.
The iguana is severely wounded.
The iguana bites you but does no damage.
Dowan says, "Her death will not be in vain!"
Dowan gestures at you while chanting. The stone arrow hits you!
* * * LOW HITPOINT WARNING * * *
You barely miss the iguana.
The iguana is severely wounded.
Dowan casts a spell at you. The stone arrow hits you.
You die...

.......
.......
.......
##.......
##..#
##..##
##..##
###).e#
#.♣#.....#
#..#l....##
#..##.....#
#..#
#....##
#..# #...##
### ....#
.### ##


You could see Dowan and an iguana.

Vanquished Creatures
  Duvessa (D:5)
  A scorpion (D:5)
  A shadow imp (D:5)
  2 oozes
  A worm (D:2)
  3 orcs (D:3)
  2 giant cockroaches (D:2)
  9 goblins
  6 hobgoblins (D:1)
  4 jackals (D:1)
  5 kobolds
  A ball python (D:3)
  6 bats
  A frilled lizard (D:1)
  3 rats (D:1)
46 creatures vanquished.

Notes
Turn   | Place    | Note
-------+----------+-------------------------------------------
     0 | D:1      | diana the Hill Orc Gladiator began the quest for the Orb.
     0 | D:1      | Reached XP level 1. HP: 18/18 MP: 1/1
    65 | D:1      | Reached XP level 2. HP: 14/25 MP: 2/2
   314 | D:1      | Reached skill level 1 in Armour
   322 | D:1      | You fall through a shaft!
   362 | D:2      | Reached XP level 3. HP: 26/30 MP: 3/3
   711 | D:1      | Reached skill level 4 in Long Blades
   808 | D:2      | Noticed an ogre
  1104 | D:3      | Reached XP level 4. HP: 14/38 MP: 4/4
  1316 | D:3      | You fall through a shaft for 2 floors!
  1316 | D:5      | Entered Level 5 of the Dungeon
  1316 | D:5      | Noticed Dowan
  1317 | D:5      | Noticed Duvessa
  1330 | D:5      | Killed Duvessa
  1330 | D:5      | Reached XP level 5. HP: 25/45 MP: 5/5
  1342 | D:5      | Reached skill level 5 in Long Blades
  1346 | D:5      | HP: 3/69 [Dowan/stone arrow (9)]
  1347 | D:5      | Killed from afar by Dowan

Skill      XL: |  1  2  3  4  5 |
---------------+----------------+-----
Armour         | 1 2 |  2.3
Long Blades    | 4 5 |  5.1
Fighting       | 3 |  3.8
Dodging        | 3 |  3.2
Throwing       | |  1.7

Action                   |  1- 3 |  4- 6 || total
-------------------------+-------+-------++-------
Melee: Long sword        |   100 |    24 ||   124
  Use: Potion            |       |     6 ||     6
  Eat: Chunk             |       |     1 ||     1
Armor: Leather armour    |    34 |     2 ||    36
       Skin              |       |    25 ||    25
Dodge: Dodged            |    93 |    14 ||   107
       Rpst.: Long sword |    19 |     7 ||    26
